 Dungeon Crawl Stone Soup version 0.32-a0-909-gc671339a80 (webtiles) character file.

Game seed: 12760057233275094911

19013 bjtr the Arsonist (level 12, -2/56 HPs)
             Began as a Vine Stalker Fire Elementalist on Apr 7, 2024.
             Was an Elder of Vehumet.
             Slain by a komodo dragon (11 damage)
             ... on level 1 of the Lair of Beasts.
             The game lasted 01:17:51 (15735 turns).

bjtr the Arsonist (Vine Stalker Fire Elementalist) Turns: 15735, Time: 01:17:51

Health: -2/56      AC: 17    Str: 18    XL:     12   Next: 64%
Magic:  0/26       EV: 12    Int: 32    God:    Vehumet [****..]
Gold:   718        SH:  0    Dex: 12    Spells: 3/29 levels left

rFire   + . .        a - +10 whip "Koch" {elec, rCorr Int+7 Dex-2 Stlth+}
rCold   . . .        (no shield)
rNeg    . . .        I - +1 steam dragon scales
rPois   +            B - +2 helmet of Pechoett {+Inv rPois rF+ Str+5}
rElec   .            W - +2 cloak {rCorr}
rCorr   +            F - +1 pair of gloves
SInv    +            y - +2 pair of boots
Will    +....        V - amulet of regeneration
Stlth   ++++         U - ring of see invisible
HPRegen 1.89/turn    k - +6 ring of intelligence
MPRegen 0.20/turn

%: guardian spirit
@: lethally poisoned (-2 -> -4)
A: fangs 3, regeneration 1, magic shield, antimagic bite, no potion heal 2
a: Renounce Religion, Evoke Invisibility


You were on level 1 of the Lair of Beasts.
You worshipped Vehumet.
Vehumet was greatly pleased with you.
You visited 3 branches of the dungeon, and saw 14 of its levels.
You also visited: Gauntlet.

You collected 802 gold pieces.
You spent 84 gold pieces at shops.

Inventory:

Hand Weapons
 a - the +10 whip "Koch" (weapon) {elec, rCorr Int+7 Dex-2 Stlth+}
   (You found it on level 9 of the Dungeon)

   Int+7:     It affects your intelligence (+7).
   Dex-2:     It affects your dexterity (-2).
   rCorr:     It protects you from acid and corrosion.
   Stlth+:    It makes you more stealthy.
 b - the +3 spear of Responsibility {vamp, +Blink Fly Dex+3}
   (You found it in a Gauntlet)

   Dex+3:     It affects your dexterity (+3).
   Fly:       It grants you flight.
   +Blink:    It lets you blink.
 c - a +0 hand cannon of flaming
 d - a +0 double sword of protection
 e - a +3 war axe of flaming
Missiles
 l - 6 javelins
 s - 4 darts of dispersal
 u - 16 poisoned darts
Armour
 f - a +2 cloak of stealth
 y - a +2 pair of boots (worn)
 B - the +2 helmet of Pechoett (worn) {+Inv rPois rF+ Str+5}
   (You found it on level 6 of the Dungeon)

   Str+5:     It affects your strength (+5).
   rF+:       It protects you from fire.
   rPois:     It protects you from poison.
   +Inv:      It lets you turn invisible.
 F - a +1 pair of gloves (worn)
 I - +1 steam dragon scales (worn)
 O - +0 shadow dragon scales
 Q - +0 acid dragon scales
 W - a +2 cloak of preservation (worn)
Magical Staves
 K - the staff "Wiegoos" {rElec rN+ Dex+2 Air}
   (You found it in a Gauntlet)

   [staff of air]

   Base accuracy: +5 Base damage: 5 Base attack delay: 1.2 This weapon's minimum
   attack delay (0.6) is reached at skill level 12.
   Dex+2:     It affects your dexterity (+2).
   rElec:     It insulates you from electricity.
   rN+:       It protects you from negative energy.
   Air:       It increases the power of your Air spells.
   It falls into the 'Staves' category.
   It is a one-handed weapon.
Jewellery
 k - a +6 ring of intelligence (right hand)
 E - a ring of wizardry
 U - a ring of see invisible (left hand)
 V - an amulet of regeneration (around neck)
 X - an amulet of the acrobat
Wands
 m - a wand of warping (4)
 n - a wand of digging (10)
 q - a wand of polymorph (3)
 H - a wand of quicksilver (15)
 J - a wand of mindburst (14)
 R - a wand of paralysis (7)
Scrolls
 i - 2 scrolls of fear
 j - 4 scrolls of teleportation
 r - 2 scrolls of identify
 A - 2 scrolls of immolation
 D - 2 scrolls of vulnerability
 G - 2 scrolls of enchant weapon
 P - 3 scrolls of torment
Potions
 h - a potion of enlightenment
 o - 3 potions of haste
 p - a potion of mutation
 t - a potion of berserk rage
 v - a potion of might
 x - 3 potions of resistance
 z - a potion of curing
 C - 4 potions of brilliance
Miscellaneous
 w - a lightning rod (1/4)
 T - a tin of tremorstones (1/2)


   Skills:
 + Level 3.0 Fighting
 + Level 2.8 Short Blades
 * Level 4.9 Maces & Flails
 + Level 4.6 Dodging
 + Level 6.3 Stealth
 + Level 9.1 Spellcasting
 * Level 7.2 Conjurations
 + Level 12.5 Fire Magic
 * Level 6.2 Evocations


You had 3 spell levels left.
You knew the following spells:

 Your Spells              Type           Power      Damage    Failure   Level
a - Foxfire               Conj/Fire      100%       2x1d9     1%          1
b - Scorch                Fire           100%       2d9       1%          2
c - Inner Flame           Hex/Fire       53%        N/A       1%          3
d - Volatile Blastmotes   Fire/Tloc      100%       2d18      1%          3
e - Flame Wave            Conj/Fire      67%        2d15      1%          4
f - Olgreb's Toxic Radia  Alch           14%        N/A       9%          4
g - Ignite Poison         Fire/Alch      53%        N/A       1%          4
h - Freezing Cloud        Conj/Ice/Air   15%        6-21      10%         5

Your spell library contained the following spells:

 Spells                   Type           Power      Damage    Failure   Level
 Stone Arrow              Conj/Erth      74%        3d11      1%          3
 Freeze                   Ice            56%        1d7       1%          1
 Sting                    Conj/Alch      100%       1d9       1%          1
 Mercury Vapours          Alch/Air       28%        N/A       1%          2
 Hailstorm                Conj/Ice       37%        3d9       1%          3
 Frozen Ramparts          Ice            28%        1d5       2%          3
 Cigotuvi's Dreadful Rot  Necr/Alch/Air  28%        N/A       4%          2
 Summon Ice Beast         Ice/Summ       14%        N/A       10%         3
 Summon Lightning Spire   Summ/Air       14%        N/A       32%         4
 Summon Forest            Summ/Tloc      7%         N/A       67%         5
 Summon Mana Viper        Hex/Summ       14%        N/A       67%         5
 Death Channel            Necr           7%         N/A       99%         6
 Monstrous Menagerie      Summ           7%         N/A       100%        7


Dungeon Overview and Level Annotations

Branches:
Dungeon (12/15)            Temple (1/1) D:6            Lair (1/5) D:10
    Orc (0/2) D:10        Gauntlet (visited)

Altars:
Ashenzari
Cheibriados
Dithmenos
Elyvilon
Fedhas
Gozag
Hepliaklqana
Kikubaaqudgha
Makhleb
Nemelex Xobeh
Okawaru
Qazlal
Ru
Sif Muna
Trog
Uskayaw
Vehumet
Wu Jian
Xom
Yredelemnul
Zin
The Shining One
Beogh

Shops:
D:3 ?   D:12 (


Innate Abilities, Weirdness & Mutations

You have razor-sharp teeth.
Your natural rate of healing is unusually fast.
When hurt, damage is shared between your health and your magic reserves.
Your bite disrupts and absorbs the magic of your enemies.
Potions cannot restore your health.


Message History

The flame wave engulfs the cane toad!
The cane toad is moderately wounded. (Press . to intensify the flame waves.)
The rime drake looks even sicker.
Your toxic aura wanes.
You hear a bellow!
A yak comes into view.
The cane toad stings you. The cane toad stings you!
A wave of flame ripples out!
The flame wave engulfs the rime drake.
The rime drake is moderately wounded.
The flame wave engulfs the cane toad.
The cane toad is moderately wounded.
The flame wave engulfs the komodo dragon but does no damage.
The komodo dragon is lightly wounded.
The flame wave engulfs the cane toad!
The cane toad is heavily wounded.
You hear a loud, deep croak!
You hear a bellow!
You hear a howl!
The rime drake barely misses you. The cane toad stings you.
You are poisoned.
The cane toad poisons you! The cane toad stings you.
The komodo dragon bites you!
The rime drake bites you but does no damage.
Unknown command.
A wave of flame ripples out!
The flame wave engulfs the rime drake!!
The rime drake is almost dead.
The flame wave engulfs the cane toad!
The cane toad is severely wounded.
The flame wave engulfs the komodo dragon!!
The komodo dragon is heavily wounded.
The flame wave engulfs the cane toad!
The cane toad is severely wounded.
The flame wave engulfs the basilisk!
The basilisk is heavily wounded.
You feel very sick.
You hear a howl!
You hear an angry hiss.
The cane toad stings you but does no damage.
The cane toad stings you!
* * * LOW HITPOINT WARNING * * *
The komodo dragon bites you!
You die...

....).... .
....... ..
...... . #.
#....
#.##.###...#
#..........#
........kFF#
#.....##รท@.#
#......l.l.#
#.....#....#
#......#.Y.#
#.####.#...#
. ##.....[
.......
.........
......?..


You could see a komodo dragon (poisoned), a yak, 2 cane toads, a basilisk and a
rime drake (very poisoned).

Vanquished Creatures
  A minotaur (Gauntlet)
  The ghost of Zeokixku the Carver, a journeyman CoGl of Kikubaaqudgha (D:11)
  3 two-headed ogres
  An ugly thing (D:11)
  A large abomination (Gauntlet)
  A molten gargoyle (Gauntlet)
  A black mamba (Lair:1)
  A torpor snail (Gauntlet)
  A gargoyle (Gauntlet)
  A rime drake (D:10)
  A kobold demonologist (D:11)
  A troll (D:12)
  A hornet (D:10)
  2 raiju (D:11)
  6 slime creatures (D:12)
  A vampire (D:12)
  A water elemental (D:11)
  3 wyverns
  A wraith (D:12)
  30 yaks
  3 shadows
  A steam dragon (D:7)
  A warg (D:11)
  3 vampire mosquitoes (D:8)
  Menkaure (D:7)
  3 acid dragons
  3 water moccasins
  4 orc warriors
  4 ice beasts
  A sky beast (D:8)
  7 ogres
  6 wolves
  3 centaurs
  2 phantoms
  7 bullfrogs
  A kobold brigand (D:9)
  2 scorpions
  A small abomination (Gauntlet)
  3 wights (D:8)
  10 killer bees
  2 electric eels (D:11)
  6 howler monkeys
  4 crimson imps (D:7)
  7 orc priests
  4 hounds
  2 jellies
  3 bombardier beetles
  An iguana (D:4)
  A sleepcap (D:5)
  Terence (D:2)
  7 orc wizards
  3 gnolls (D:8)
  6 adders
  2 shadow imps
  A white imp (D:7)
  3 ribbon worms
  2 dart slugs (D:1)
  21 orcs
  6 bats
  6 endoplasms
  5 giant cockroaches
  6 goblins
  3 hobgoblins
  7 jackals
  3 quokkas
  6 ball pythons
  3 frilled lizards
  5 kobolds
  6 rats
257 creatures vanquished.

Vanquished Creatures (others)
  269 foxfires
269 creatures vanquished.

Grand Total: 526 creatures vanquished

Notes
Turn   | Place    | Note
-------+----------+-------------------------------------------
     0 | D:1      | bjtr the Vine Stalker Fire Elementalist began the quest for
                  | the Orb.
     0 | D:1      | Reached XP level 1. HP: 9/9 MP: 4/4
   132 | D:1      | Reached XP level 2. HP: 13/13 MP: 1/6
   314 | D:1      | Reached XP level 3. HP: 17/17 MP: 4/7
  1253 | D:2      | Reached skill level 4 in Fire Magic
  1338 | D:2      | Noticed Terence
  1524 | D:2      | Learned a level 2 spell: Scorch
  1528 | D:2      | Learned a level 3 spell: Inner Flame
  1852 | D:2      | Reached XP level 4. HP: 21/21 MP: 1/8
  1906 | D:2      | Killed Terence
  2122 | D:3      | Found Lieqyfo's Magic Scroll Boutique.
  2175 | D:3      | Bought a scroll of identify for 28 gold pieces
  2175 | D:3      | Bought a scroll of identify for 28 gold pieces
  2175 | D:3      | Bought a scroll of identify for 28 gold pieces
  2355 | D:3      | Reached XP level 5. HP: 25/25 MP: 5/10
  2782 | D:4      | Noticed a phantom
  2790 | D:4      | Killed a phantom
  2938 | D:4      | Reached skill level 1 in Short Blades
  2938 | D:4      | Reached XP level 6. HP: 29/29 MP: 7/11
  3008 | D:4      | Reached skill level 5 in Fire Magic
  3130 | D:4      | Found an ornate altar of the Wu Jian Council.
  3400 | D:4      | Reached XP level 7. HP: 32/32 MP: 13/13
  3580 | D:4      | Learned a level 3 spell: Volatile Blastmotes
  3585 | D:4      | Learned a level 4 spell: Flame Wave
  3739 | D:5      | Entered Level 5 of the Dungeon
  3969 | D:5      | Reached skill level 1 in Fighting
  3969 | D:5      | Reached skill level 6 in Fire Magic
  4586 | D:5      | Gained mutation: You have razor-sharp teeth. [Vine Stalker
                  | growth]
  4586 | D:5      | Reached XP level 8. HP: 36/37 MP: 3/16
  4736 | D:5      | Reached skill level 7 in Fire Magic
  5336 | D:5      | Found a blossoming altar of Fedhas.
  5345 | D:5      | Found a shimmering blue altar of Sif Muna.
  5507 | D:6      | Reached skill level 5 in Spellcasting
  5742 | D:6      | Found a staircase to the Ecumenical Temple.
  5760 | Temple   | Entered the Ecumenical Temple
  5805 | D:6      | Identified the +2 helmet of Pechoett {+Inv rPois rF+ Str+5}
  6099 | D:6      | Reached skill level 8 in Fire Magic
  6126 | D:6      | Found a white marble altar of Elyvilon.
  6138 | D:6      | Found a hazy altar of Hepliaklqana.
  6144 | D:6      | Found a sparkling altar of Nemelex Xobeh.
  6223 | D:6      | Found a hide-covered altar of Uskayaw.
  6413 | Temple   | Became a worshipper of Vehumet
  6473 | D:6      | Reached skill level 1 in Evocations
  6473 | D:6      | Reached XP level 9. HP: 27/41 MP: 3/18
  6915 | D:7      | Found an iron altar of Okawaru.
  7130 | D:7      | Found a shimmering altar of Xom.
  7276 | D:7      | Noticed a two-headed ogre
  7284 | D:7      | Killed a two-headed ogre
  7285 | D:7      | Reached skill level 9 in Fire Magic
  7462 | D:7      | Noticed Menkaure
  7472 | D:7      | Killed Menkaure
  8123 | D:8      | Found an ancient bone altar of Kikubaaqudgha.
  8128 | D:8      | Reached * piety under Vehumet
  8128 | D:8      | Offered knowledge of Shock by Vehumet.
  8134 | D:8      | Reached XP level 10. HP: 46/46 MP: 10/21
  8274 | D:8      | Reached skill level 10 in Fire Magic
  9058 | D:9      | Reached skill level 5 in Conjurations
  9727 | D:9      | Identified the +10 whip "Koch" {elec, rCorr Int+7 Dex-2
                  | Stlth+}
 10209 | D:10     | Entered Level 10 of the Dungeon
 10229 | D:10     | Found a staircase to the Orcish Mines.
 10284 | D:10     | Offered knowledge of Sting by Vehumet.
 10285 | D:10     | Reached skill level 1 in Maces & Flails
 10296 | D:10     | Reached skill level 11 in Fire Magic
 10296 | D:10     | Reached XP level 11. HP: 49/50 MP: 21/23
 10355 | D:10     | Found a burning altar of Makhleb.
 10435 | D:10     | Reached ** piety under Vehumet
 10438 | D:10     | Noticed a two-headed ogre
 10476 | D:10     | Killed a two-headed ogre
 10754 | D:10     | Found a staircase to the Lair.
 11264 | D:10     | Found a shadowy altar of Dithmenos.
 11716 | D:11     | Noticed a two-headed ogre
 11718 | D:11     | Found a gate leading to a gauntlet.
 11730 | Gauntlet | Entered a Gauntlet
 11730 | Gauntlet | Found a transporter.
 11730 | Gauntlet | Found a transporter.
 11730 | Gauntlet | Found a large runed translucent door.
 11730 | Gauntlet | Found a large runed translucent door.
 11730 | Gauntlet | Found a large runed translucent door.
 11730 | Gauntlet | Found a large runed translucent door.
 11730 | Gauntlet | Found a large runed translucent door.
 11730 | Gauntlet | Found a large runed translucent door.
 11730 | Gauntlet | Found a runed translucent door.
 11730 | Gauntlet | Found a runed translucent door.
 11730 | Gauntlet | Found a large runed translucent door.
 11730 | Gauntlet | Found a large runed translucent door.
 11730 | Gauntlet | Found a large runed translucent door.
 11730 | Gauntlet | Found a large runed translucent door.
 11730 | Gauntlet | Found a large runed translucent door.
 11730 | Gauntlet | Found a large runed translucent door.
 11734 | Gauntlet | Found a transporter.
 11734 | Gauntlet | Found a transporter.
 11735 | Gauntlet | Found a large runed translucent door.
 11735 | Gauntlet | Found a large runed translucent door.
 11735 | Gauntlet | Found a large runed translucent door.
 11735 | Gauntlet | Found a large runed translucent door.
 11739 | Gauntlet | Found a runed translucent gate.
 11739 | Gauntlet | Found a runed translucent gate.
 11739 | Gauntlet | Found a runed translucent gate.
 11741 | Gauntlet | Found a transporter.
 11750 | Gauntlet | Noticed a large abomination
 11755 | Gauntlet | Noticed a necromancer
 11755 | Gauntlet | Noticed a large abomination
 11764 | Gauntlet | Found a transporter.
 11769 | Gauntlet | Noticed a catoblepas
 11770 | Gauntlet | Found a transporter.
 11770 | Gauntlet | Found a transporter.
 11770 | Gauntlet | Noticed an obsidian statue
 11774 | Gauntlet | Found a transporter.
 11801 | Gauntlet | Found a transporter.
 11808 | Gauntlet | Found a transporter.
 11854 | Gauntlet | Found a transporter.
 11863 | Gauntlet | Found a transporter.
 11877 | Gauntlet | Found a transporter.
 11978 | Gauntlet | Found a transporter.
 11980 | Gauntlet | Noticed a necromancer
 11993 | Gauntlet | Found a transporter.
 12659 | Gauntlet | Killed a large abomination
 12660 | Gauntlet | Reached skill level 5 in Stealth
 12745 | Gauntlet | HP: 1/51 [gargoyle/+0 mace (4)]
 12857 | Gauntlet | Noticed a minotaur
 12868 | Gauntlet | Killed a minotaur
 12869 | Gauntlet | Reached skill level 5 in Evocations
 13097 | Gauntlet | Identified the +3 spear of Responsibility {vamp, +Blink Fly
                  | Dex+3}
 13097 | Gauntlet | Identified the staff "Wiegoos" {rElec rN+ Dex+2 Air}
 13098 | Gauntlet | Got Sif Muna's Incunable of the Disturbing Spirits
 13117 | D:11     | Killed a two-headed ogre
 13404 | D:11     | Reached XP level 12. HP: 56/56 MP: 18/25
 13561 | D:11     | Offered knowledge of Momentum Strike by Vehumet.
 13807 | D:11     | Reached skill level 12 in Fire Magic
 14078 | D:11     | Reached *** piety under Vehumet
 14192 | D:11     | Learned a level 4 spell: Olgreb's Toxic Radiance
 14197 | D:11     | Learned a level 4 spell: Ignite Poison
 14203 | D:11     | Learned a level 5 spell: Freezing Cloud
 14462 | D:11     | Found a runed translucent gate.
 14464 | D:11     | Found a runed translucent gate.
 14465 | D:11     | Found a runed translucent gate.
 14466 | D:11     | Noticed Zeokixku's ghost (journeyman CoGl)
 14471 | D:11     | Identified the +0 chain mail of the Bells {rCorr}
 14477 | D:11     | Found a roughly hewn altar of Beogh.
 14503 | D:11     | Offered knowledge of Stone Arrow by Vehumet.
 14511 | D:11     | Killed Zeokixku's ghost
 14910 | D:12     | Found Notz's Weapon Emporium.
 14977 | D:12     | Reached **** piety under Vehumet
 15267 | Lair:1   | Entered Level 1 of the Lair of Beasts
 15735 | Lair:1   | Slain by a komodo dragon

Illustrated notes

Levels and vault maps discovered:
D:1:      dpeg_arrival_pits, layout_basic, dk_noncrumbling_2
D:2:      layout_loops_ring, grunt_ministairs_3, uniq_terence
D:3:      layout_rooms, serial_shops, nicolae_shop_tiny_glass, minmay_unequal
D:4:      layout_cave_pods, nzn_wu_jian_council_hall
D:5:      layout_layer_cave, mainiacjoe_overflow_swirl
D:6:      layout_rooms, minitemple, marbit_many_paths, temple_fountains
D:7:      layout_loops_ring, okawaru_ov_weapons_minmay, led_xom_imps,
          uniq_menkaure
D:8:      layout_loops_ring, mainiacjoe_overflow_paths
D:9:      layout_irregular_city, minmay_statues_item
D:10:     minmay_general_purpose_star, layout_loops_ring,
          mainiacjoe_overflow_catwalk, kennysheep_little_box,
          hellmonk_lair_entry_icy, orc_0_dummy
D:11:     layout_irregular_city, gauntlet_entry_generic,
          biasface_ghost_orc_armoury, nicolae_have_a_lightning_rod
D:12:     layout_irregular_city, serial_shops,
          nicolae_shop_bloodbath_and_beyond, uniq_azrael, uniq_rupert
Temple:   hellmonk_temple_micro_hex
Lair:1:   layout_regular_city

Skill      XL: |  1  2  3  4  5  6  7  8  9 10 11 12 |
---------------+-------------------------------------+-----
Fire Magic     | 4 5 6 8 9 11 12 | 12.5
Stealth        | 3 4 6 |  6.3
Spellcasting   | 3 4 5 6 7 8 9 |  9.1
Short Blades   | 1 2 |  2.8
Conjurations   | 2 3 4 5 6 7 |  7.2
Dodging        | 2 3 4 |  4.6
Fighting       | 1 2 3 |  3.0
Evocations     | 1 2 4 5 6 |  6.2
Maces & Flails | 1 3 4 |  4.9

Action                     |  1- 3 |  4- 6 |  7- 9 | 10-12 || total
---------------------------+-------+-------+-------+-------++-------
  Melee: Club              |    11 |       |       |       ||    11
         Bite              |    11 |    29 |    41 |    68 ||   149
         Dagger            |    25 |    82 |    29 |       ||   136
         Short sword       |       |       |   129 |    60 ||   189
         Whip              |       |       |       |   113 ||   113
         Spear             |       |       |       |     1 ||     1
   Cast: Foxfire           |    38 |    22 |    63 |    26 ||   149
         Scorch            |     3 |    21 |    54 |    71 ||   149
         Volatile Blastmot |       |       |     2 |     7 ||     9
         Flame Wave        |       |       |     1 |    20 ||    21
         Inner Flame       |       |       |       |    16 ||    16
         Olgreb's Toxic Ra |       |       |       |     3 ||     3
         Freezing Cloud    |       |       |       |     1 ||     1
         Ignite Poison     |       |       |       |     1 ||     1
Ability: Evoke Invisibilit |       |       |       |     1 ||     1
  Evoke: Wand              |       |       |       |     7 ||     7
         Tin of tremorston |       |       |       |     2 ||     2
         Lightning rod     |       |       |       |     4 ||     4
    Use: Scroll            |     4 |     7 |    13 |     9 ||    33
         Potion            |       |       |       |     7 ||     7
   Stab: Sleeping          |     7 |     3 |     3 |     2 ||    15
         Invisible         |       |       |       |     1 ||     1
         Distracted        |       |       |       |     1 ||     1
 Armour: Robe              |    20 |    57 |    99 |       ||   176
         Steam dragon scal |       |       |    59 |   286 ||   345
  Dodge: Dodged            |    26 |    58 |   125 |   199 ||   408

Table legend: (Time is in decaauts)
 A = Elapsed time spent in this place.
 B = Non-inter-level travel time spent in this place.
 C = Inter-level travel time spent in this place.
 D = Time resting spent in this place.
 E = Time spent auto-exploring this place.
 F = Levels seen in this place.
 G = Mean time per level.
                   A        B        C        D        E       F      G
               +--------+--------+--------+--------+--------+-----+--------+
         Total |  15703 |  15110 |    593 |   3774 |   8176 |  15 | 1046.9 |
       Dungeon |  14258 |  13669 |    589 |   3248 |   7879 |  12 | 1188.2 |
        Temple |     45 |     41 |      4 |      0 |     22 |   1 |   45.0 |
          Lair |     21 |     21 |      0 |      0 |      1 |   1 |   21.0 |
      Gauntlet |   1377 |   1377 |      0 |    526 |    274 |   1 | 1377.0 |
               +--------+--------+--------+--------+--------+-----+--------+

Top non-repeatable levels by time:
    D:10: 1895 daAuts
    D:11: 1860 daAuts
     D:5: 1743 daAuts
Gauntlet: 1377 daAuts
     D:7: 1288 daAuts
     D:4: 1231 daAuts
     D:9: 1201 daAuts
     D:8: 1197 daAuts
     D:1: 1111 daAuts
     D:6: 1053 daAuts
     D:2: 932 daAuts
     D:3: 463 daAuts
    D:12: 279 daAuts
  Temple: 45 daAuts
  Lair:1: 21 daAuts
